BR
SANTA ANNA DUKES @ PUEBLO PRAIRIE DOGS
07/26/2027
 
TOP OF THE 1ST
Santa Anna Dukes batting - Pitching for Pueblo Prairie Dogs : LHP Shannon Thomas
Pitching: LHP Shannon Thomas
Batting: RHB John Hutchins 0-0: SINGLE (Groundball, 56) (infield hit)
Batting: RHB Ben Wilson 0-0: Called Strike
0-1: Fly out, F5 (Line Drive, 5)
Batting: RHB Jesús Velásquez 0-0: Ball
1-0: Ball
Throwing error on steal attempt, E2
John Hutchins to third
2-0: Foul Ball, location: 2F
2-1: Called Strike
2-2: Ball
3-2: SINGLE (Groundball, 56S) (infield hit)
John Hutchins scores
Batting: RHB Scott McGuire 0-0: Ball
Throwing error on steal attempt, E2
Jesús Velásquez to third
1-0: Called Strike
1-1: Foul Ball, location: 2F
1-2: Fly out, F8 (Flyball, 8RD)
Runner from 3rd tags up, SCORES, no throw
Batting: SHB Jerry Young 0-0: Swinging Strike
0-1: Called Strike
0-2: Ball
1-2: Foul Ball, location: 2F
1-2: Strikes out swinging
Top of the 1st over - 2 run(s), 2 hit(s), 2 error(s), 0 left on base; Santa Anna 2 - Pueblo 0
BOTTOM OF THE 1ST
Pueblo Prairie Dogs batting - Pitching for Santa Anna Dukes : LHP Martín Marino
Pitching: LHP Martín Marino
Batting: RHB Manny Herrera 0-0: Ball
1-0: Foul Ball, location: 2F
1-1: Fly out, F9 (Flyball, 9)
Batting: RHB Juan Hernández 0-0: Foul Ball, location: 2F
0-1: Ball
1-1: SINGLE (Flyball, 89S)
Batting: LHB Patrick Carlson 0-0: Called Strike
0-1: Swinging Strike
0-2: Ball
1-2: Ball
2-2: Foul Ball, location: 2F
2-2: Ball
3-2: Strikes out looking
Juan Hernández is caught stealing 2nd base
Batter strikes out.
Bottom of the 1st over - 0 run(s), 1 hit(s), 0 error(s), 0 left on base; Santa Anna 2 - Pueblo 0
TOP OF THE 2ND
Santa Anna Dukes batting - Pitching for Pueblo Prairie Dogs : LHP Shannon Thomas
Batting: RHB William Elliott 0-0: Swinging Strike
0-1: Fly out, F7 (Flyball, 7)
Batting: LHB Tony Beck 0-0: Ball
1-0: Called Strike
1-1: Ball
2-1: Foul Ball, location: 2F
2-2: Strikes out swinging
Batting: RHB Alberto Morín 0-0: Ball
1-0: Ball
2-0: DOUBLE (Line Drive, 78M)
Batting: RHB Brian Martínez 0-0: Ball
1-0: Ball
2-0: Called Strike
2-1: Swinging Strike
Passed Ball!
Alberto Morín to third
2-2: Foul Ball, location: 2F
2-2: Strikes out looking
Top of the 2nd over - 0 run(s), 1 hit(s), 0 error(s), 1 left on base; Santa Anna 2 - Pueblo 0
BOTTOM OF THE 2ND
Pueblo Prairie Dogs batting - Pitching for Santa Anna Dukes : LHP Martín Marino
Batting: SHB Jorge Melgaza 0-0: Swinging Strike
0-1: Ball
1-1: Ball
2-1: Foul Ball, location: 2F
2-2: Foul Ball, location: 2F
2-2: Ball
3-2: Foul Ball, location: 2F
3-2: Ground out 5-3 (Groundball, 56)
Batting: LHB Salvatorio Navegero 0-0: Called Strike
0-1: Foul Ball, location: 2F
0-2: Strikes out swinging
Batting: LHB Shannon Thomas 0-0: SOLO HOME RUN (Line Drive, 9D), Distance : 361 ft
Batting: LHB José Rivas 0-0: Ball
1-0: Foul Ball, location: 2F
1-1: Swinging Strike
1-2: Strikes out swinging
Bottom of the 2nd over - 1 run(s), 1 hit(s), 0 error(s), 0 left on base; Santa Anna 2 - Pueblo 1
TOP OF THE 3RD
Santa Anna Dukes batting - Pitching for Pueblo Prairie Dogs : LHP Shannon Thomas
Batting: RHB John Hutchins 0-0: Swinging Strike
0-1: Ball
1-1: Foul Ball, location: 2F
1-2: Ball
2-2: DOUBLE (Line Drive, 78M)
Batting: RHB Ben Wilson 0-0: SINGLE (Groundball, 34D)
John Hutchins to third
Batting: RHB Jesús Velásquez 0-0: TRIPLE (Flyball, 9LM)
John Hutchins scores
Ben Wilson scores
Batting: RHB Scott McGuire 0-0: Hit by Pitch
Batting: SHB Jerry Young 0-0: Ball
1-0: SINGLE (Groundball, 34) (infield hit)
Jesús Velásquez scores
Scott McGuire to second
Batting: RHB William Elliott 0-0: Ball
1-0: Ball
2-0: Fly out, F9 (Flyball, 9LMF)
Batting: LHB Tony Beck 0-0: Swinging Strike
0-1: Called Strike
0-2: Strikes out swinging
Batting: RHB Alberto Morín 0-0: Ground out 5-3 (Groundball, 56S)
Top of the 3rd over - 3 run(s), 4 hit(s), 0 error(s), 2 left on base; Santa Anna 5 - Pueblo 1
BOTTOM OF THE 3RD
Pueblo Prairie Dogs batting - Pitching for Santa Anna Dukes : LHP Martín Marino
Batting: RHB Juan Guerrero 0-0: Ball
1-0: Swinging Strike
1-1: Ball
2-1: Fly out, F3 (Flyball, 3DF)
Batting: LHB William Romero 0-0: Fly out, F5 (Popup, 56)
Batting: RHB Manny Herrera 0-0: Called Strike
0-1: Called Strike
0-2: Foul Ball, location: 2F
0-2: Foul Ball, location: 2F
0-2: Ball
1-2: Ground out 6-3 (Groundball, 56)
Bottom of the 3rd over - 0 run(s), 0 hit(s), 0 error(s), 0 left on base; Santa Anna 5 - Pueblo 1
TOP OF THE 4TH
Santa Anna Dukes batting - Pitching for Pueblo Prairie Dogs : LHP Shannon Thomas
Batting: RHB Brian Martínez 0-0: Ball
1-0: Fly out, F9 (Flyball, 9S)
Batting: RHB John Hutchins 0-0: Called Strike
0-1: Reached on error, E1 (Groundball, 13)
Batting: RHB Ben Wilson 0-0: Ball
1-0: Swinging Strike
1-1: Foul Ball, location: 2F
1-2: Ground out 5-3 (Groundball, 56)
John Hutchins to second
Batting: RHB Jesús Velásquez 0-0: Called Strike
0-1: Ball
1-1: Ball
2-1: Fly out, F9 (Flyball, 9S)
Top of the 4th over - 0 run(s), 0 hit(s), 1 error(s), 1 left on base; Santa Anna 5 - Pueblo 1
BOTTOM OF THE 4TH
Pueblo Prairie Dogs batting - Pitching for Santa Anna Dukes : LHP Martín Marino
Batting: RHB Juan Hernández 0-0: Ground out 6-3 (Groundball, 6)
Batting: LHB Patrick Carlson 0-0: Ball
1-0: Ball
2-0: SINGLE (Groundball, 4MD)
Batting: SHB Jorge Melgaza 0-0: Foul Ball, location: 2F
0-1: Called Strike
0-2: Reached on error, E5 (Groundball, 5)
Patrick Carlson to second
Batting: LHB Salvatorio Navegero 0-0: Fly out, F8 (Flyball, 8LM)
Batting: LHB Shannon Thomas 0-0: Ball
1-0: Called Strike
1-1: Ball
2-1: Ball
Passed Ball!
Patrick Carlson to third
Jorge Melgaza to second
3-1: Foul Ball, location: 2F
3-2: Foul Ball, location: 2F
3-2: Strikes out swinging
Bottom of the 4th over - 0 run(s), 1 hit(s), 1 error(s), 2 left on base; Santa Anna 5 - Pueblo 1
TOP OF THE 5TH
Santa Anna Dukes batting - Pitching for Pueblo Prairie Dogs : LHP Shannon Thomas
Batting: RHB Scott McGuire 0-0: Ball
1-0: Ball
2-0: Ground out 4-3 (Groundball, 4)
Batting: SHB Jerry Young 0-0: Ball
1-0: Ball
2-0: Ground out 4-3 (Groundball, 4MS)
Batting: RHB William Elliott 0-0: Called Strike
0-1: SINGLE (Flyball, 4MD)
Batting: LHB Tony Beck 0-0: Ball
1-0: Foul Ball, location: 2F
1-1: Ball
2-1: Ball
3-1: Called Strike
3-2: Foul Ball, location: 2F
3-2: Base on Balls
William Elliott to second
Batting: RHB Alberto Morín 0-0: Fly out, F8 (Flyball, 8LM)
Top of the 5th over - 0 run(s), 1 hit(s), 0 error(s), 2 left on base; Santa Anna 5 - Pueblo 1
BOTTOM OF THE 5TH
Pueblo Prairie Dogs batting - Pitching for Santa Anna Dukes : LHP Martín Marino
Batting: LHB José Rivas 0-0: Swinging Strike
0-1: Swinging Strike
0-2: Strikes out swinging
Batting: RHB Juan Guerrero 0-0: Called Strike
0-1: Ball
1-1: Ball
2-1: Ball
3-1: Called Strike
3-2: Fly out, F8 (Flyball, 8LM)
Batting: LHB William Romero 0-0: Ball
1-0: Called Strike
1-1: Ball
2-1: Swinging Strike
2-2: Strikes out looking
Bottom of the 5th over - 0 run(s), 0 hit(s), 0 error(s), 0 left on base; Santa Anna 5 - Pueblo 1
TOP OF THE 6TH
Santa Anna Dukes batting - Pitching for Pueblo Prairie Dogs : LHP Shannon Thomas
Batting: RHB Brian Martínez 0-0: Ball
1-0: Called Strike
1-1: Foul Ball, location: 2F
1-2: Reached on error, E5 (Groundball, 56)
Pitching: RHP Julião Edwards
Batting: RHB John Hutchins 0-0: Called Strike
Brian Martínez steals 2nd base
0-1: Fly out, F9 (Flyball, 9LM)
Batting: RHB Ben Wilson 0-0: Ball
1-0: Fly out, F9 (Flyball, 9LS)
Batting: RHB Jesús Velásquez 0-0: Called Strike
0-1: Foul Ball, location: 2F
0-2: Ball
1-2: Strikes out swinging
Top of the 6th over - 0 run(s), 0 hit(s), 1 error(s), 1 left on base; Santa Anna 5 - Pueblo 1
BOTTOM OF THE 6TH
Pueblo Prairie Dogs batting - Pitching for Santa Anna Dukes : LHP Martín Marino
Batting: RHB Manny Herrera 0-0: Called Strike
0-1: Called Strike
0-2: Ball
1-2: Strikes out swinging
Batting: RHB Juan Hernández 0-0: Ground out 6-3 (Groundball, 6)
Batting: LHB Patrick Carlson 0-0: Called Strike
0-1: Ball
1-1: Fly out, F7 (Flyball, 78M)
Bottom of the 6th over - 0 run(s), 0 hit(s), 0 error(s), 0 left on base; Santa Anna 5 - Pueblo 1
TOP OF THE 7TH
Santa Anna Dukes batting - Pitching for Pueblo Prairie Dogs : RHP Julião Edwards
Batting: RHB Scott McGuire 0-0: Called Strike
0-1: Swinging Strike
0-2: Ball
1-2: SINGLE (Line Drive, 56D)
Batting: SHB Jerry Young 0-0: Ball
1-0: Fly out, F9 (Flyball, 9LS)
Batting: RHB William Elliott 0-0: Foul Ball, location: 2F
0-1: Swinging Strike
0-2: Fly out, F8 (Flyball, 89S)
Batting: LHB Tony Beck 0-0: Foul Ball, location: 2F
0-1: Called Strike
Scott McGuire steals 2nd base
0-2: Ball
1-2: Ball
2-2: Ball
3-2: Foul Ball, location: 2F
3-2: Ground out 4-3 (Groundball, 4)
Top of the 7th over - 0 run(s), 1 hit(s), 0 error(s), 1 left on base; Santa Anna 5 - Pueblo 1
BOTTOM OF THE 7TH
Pueblo Prairie Dogs batting - Pitching for Santa Anna Dukes : LHP Martín Marino
Batting: SHB Jorge Melgaza 0-0: Called Strike
0-1: Ball
1-1: Swinging Strike
1-2: Strikes out swinging
Pitching: RHP José Braceiras
Batting: LHB Salvatorio Navegero 0-0: Ball
1-0: Swinging Strike
1-1: Ball
2-1: Foul Ball, location: 2F
2-2: Ball
3-2: Foul Ball, location: 2F
3-2: Ground out 4-3 (Groundball, 34)
Batting: LHB Shannon Thomas 0-0: Swinging Strike
0-1: Ground out 4-3 (Groundball, 4)
Bottom of the 7th over - 0 run(s), 0 hit(s), 0 error(s), 0 left on base; Santa Anna 5 - Pueblo 1
TOP OF THE 8TH
Santa Anna Dukes batting - Pitching for Pueblo Prairie Dogs : RHP Julião Edwards
Batting: RHB Alberto Morín 0-0: Ball
1-0: Ball
2-0: Foul Ball, location: 2F
2-1: Foul Ball, location: 2F
2-2: Strikes out swinging
Batting: RHB Brian Martínez 0-0: Ball
1-0: Foul Ball, location: 2F
1-1: Ground out 6-3 (Groundball, 6M)
Batting: RHB John Hutchins 0-0: Called Strike
0-1: Ground out 5-3 (Groundball, 5)
Top of the 8th over - 0 run(s), 0 hit(s), 0 error(s), 0 left on base; Santa Anna 5 - Pueblo 1
BOTTOM OF THE 8TH
Pueblo Prairie Dogs batting - Pitching for Santa Anna Dukes : RHP José Braceiras
Batting: LHB José Rivas 0-0: Ball
1-0: Ball
2-0: Foul Ball, location: 2F
2-1: Called Strike
2-2: Strikes out swinging
Batting: RHB Juan Guerrero 0-0: Ball
1-0: Called Strike
1-1: Ball
2-1: Ball
3-1: Swinging Strike
3-2: Foul Ball, location: 2F
3-2: Fly out, F9 (Flyball, 9)
Batting: LHB William Romero 0-0: Ground out 3-1 (Groundball, 34)
Bottom of the 8th over - 0 run(s), 0 hit(s), 0 error(s), 0 left on base; Santa Anna 5 - Pueblo 1
TOP OF THE 9TH
Santa Anna Dukes batting - Pitching for Pueblo Prairie Dogs : RHP Julião Edwards
Pitching: LHP Enrique Hernández
Batting: RHB Ben Wilson 0-0: Called Strike
0-1: Ball
1-1: Swinging Strike
1-2: Single, Error in OF, E7, batter to second base
Batting: RHB Jesús Velásquez 0-0: Intentional Walk
Batting: RHB Scott McGuire 0-0: Ball
1-0: Ball
2-0: Ball
3-0: Called Strike
3-1: Base on Balls
Ben Wilson to third
Jesús Velásquez to second
Batting: SHB Jerry Young 0-0: Swinging Strike
0-1: Fly out, F8 (Flyball, 78M)
Runner from 3rd tags up, SCORES, no throw
Batting: RHB William Elliott 0-0: Called Strike
Jesús Velásquez steals 3rd base
Scott McGuire to second
0-1: Foul Ball, location: 2F
0-2: Foul Ball, location: 2F
0-2: Ground out 5-3 (Groundball, 5L)
Pitching: RHP Chris Martin
Batting: LHB Tony Beck 0-0: 3-RUN HOME RUN (Flyball, 8RXD), Distance : 438 ft
Batting: RHB Alberto Morín 0-0: Ground out 6-3 (Groundball, 6)
Top of the 9th over - 4 run(s), 2 hit(s), 1 error(s), 0 left on base; Santa Anna 9 - Pueblo 1
BOTTOM OF THE 9TH
Pueblo Prairie Dogs batting - Pitching for Santa Anna Dukes : RHP José Braceiras
Now at 3B: Norman Dye
Batting: RHB Manny Herrera 0-0: Swinging Strike
0-1: Swinging Strike
0-2: Foul Ball, location: 2F
0-2: Strikes out swinging
Batting: RHB Juan Hernández 0-0: Ball
1-0: Foul Ball, location: 2F
1-1: Fly out, F8 (Line Drive, 8LD)
Batting: LHB Patrick Carlson 0-0: Foul Ball, location: 2F
0-1: Ball
1-1: Foul Ball, location: 2F
1-2: Ball
2-2: Foul Ball, location: 2F
2-2: Ball
3-2: Strikes out looking
Bottom of the 9th over - 0 run(s), 0 hit(s), 0 error(s), 0 left on base; Santa Anna 9 - Pueblo 1
Thursday, March 30th, 2017 - OOTP Baseball 17.12 Build 75